 Dungeon Sprint DCSS version 0.17-a0-777-g32247ce (webtiles) character file.

445 lorenzova the Grappler (level 6, 0/75 HPs)
             Began as a Troll Monk on Apr 25, 2015.
             Was a Believer of Qazlal.
             Slain by Sonja
             ... wielding a +0 short sword of draining
              (4 damage)
             ... in the Dungeon (Sprint I: "Red Sonja").
             The game lasted 00:01:50 (324 turns).

lorenzova the Grappler (Troll Monk)                  Turns: 324, Time: 00:01:51

Health: 0/75       AC:  6    Str: 22    XL:     6   Next: 72%
Magic:  5/5        EV:  9    Int:  6    God:    Qazlal [**....]
Gold:   297        SH:  2    Dex: 12    Spells: 0 memorised, 5 levels left

rFire  . . .     SeeInvis .       - Unarmed
rCold  . . .     Clarity  .     i - +1 robe {Archmagi}
rNeg   . . .     SustAb   .     (no shield)
rPois  .         Gourm    +     (helmet restricted)
rElec  .         Spirit   .     (no cloak)
rCorr  .         Warding  .     (gloves unavailable)
rMut   .         NoTele   +     (boots unavailable)
MR     .....                    (no amulet)
Stlth  +.........               (no ring)
                                (no ring)

@: lethally poisoned (0 -> 0), slowed, very heavily drained, very slow, not
resistant to hostile enchantments, very unstealthy
A: unfitting armour, claws 3, fast metabolism 3, gourmand, regeneration 2,
shaggy fur 1, tough skin 2
a: Upheaval, Renounce Religion


You were in the Dungeon.
You worshipped Qazlal.
Qazlal was pleased with you.
You were not hungry.

You visited 1 branch You collected 297 gold pieces.

Inventory:

Armour
 i - a +1 robe of the Archmagi (worn)
Magical devices
 a - a wand of polymorph (10)
Scrolls
 h - a scroll of blinking
Potions
 c - a potion of curing
 d - a potion of heal wounds
 e - a potion of haste
 f - 2 potions of magic
 g - a potion of berserk rage
Comestibles
 b - 2 bread rations


   Skills:
 + Level 9.0(2.5) Fighting
 - Level 2.4(0.0) Dodging
 - Level 1.1(0.0) Stealth
 + Level 10.9(4.1) Unarmed Combat


You had 5 spell levels left.
You didn't know any spells.

Dungeon Overview and Level Annotations

Branches:
Dungeon (1/1)

Altars:
Elyvilon
Gozag
Kikubaaqudgha
Makhleb
Nemelex Xobeh
Okawaru
Qazlal
Ru
Sif Muna
Trog
Vehumet
Xom
Yredelemnul
Zin
The Shining One

Shops:
D }

Annotations:
D Sonja


Innate Abilities, Weirdness & Mutations

You are too large for most types of armour.
You have claws for hands.
Your metabolism is lightning-fast.
You like to eat raw meat.
You heal very quickly.
You are covered in fur (AC +1).
You have very tough skin (AC +2).


Message History

You feel drained.
* * * LOW HITPOINT WARNING * * *
Sonja hits you with an uncursed short sword of draining.
* * * LOW HITPOINT WARNING * * *
You feel drained. Sonja hits you but does no damage.
You feel drained.
You closely miss Sonja.
Sonja is heavily wounded.
You feel sick.
Sonja hits you with an uncursed short sword of draining!
* * * LOW HITPOINT WARNING * * *
You feel drained.
* * * LOW HITPOINT WARNING * * *
Sonja hits you but does no damage.
You feel drained. Sonja misses you.
You completely miss Sonja.
Sonja is heavily wounded.
You feel sick.
Sonja is no longer bleeding.
Sonja hits you but does no damage.
You feel drained. Sonja hits you but does no damage.
You feel drained. Sonja completely misses you.
Sonja hits you with an uncursed short sword of draining.
You die...

#..').#..')[#..+
#..#####'#####'#
#..####..#...#.#
#..#__####..##[#
#..#_..__##'#..+
#⌠⌠#_.∩...'.(._#
####_..._##_.#+#
#_____###K#
####### #@#
+$§$+ #$.$#
##.## #+#


You could see Sonja.

Vanquished Creatures
  Sigmund (D)
  A yak (D)
  An ogre (D)
  A jelly (D)
  Ijyb (D)
5 creatures vanquished.

Notes
Turn   | Place    | Note
--------------------------------------------------------------
     0 | D        | lorenzova, the Troll Monk, began the quest for the Orb.
     0 | D        | Reached XP level 1. HP: 22/22 MP: 0/0
     1 | D        | Noticed Ijyb
    14 | D        | Killed Ijyb
    14 | D        | Reached skill level 5 in Unarmed Combat
    14 | D        | Reached XP level 2. HP: 20/32 MP: 1/1
    46 | D        | Noticed an ogre
    52 | D        | Killed an ogre
    52 | D        | Reached skill level 6 in Fighting
    52 | D        | Reached skill level 7 in Unarmed Combat
    52 | D        | Reached XP level 3. HP: 24/44 MP: 2/2
    52 | D        | Reached XP level 4. HP: 28/52 MP: 3/3
   103 | D        | Noticed Sigmund
   117 | D        | Killed Sigmund
   117 | D        | Reached skill level 9 in Unarmed Combat
   117 | D        | Reached XP level 5. HP: 43/63 MP: 4/4
   117 | D        | Reached XP level 6. HP: 49/72 MP: 5/5
   228 | D        | Found a deep blue altar of Sif Muna.
   229 | D        | Noticed a jelly
   230 | D        | Found a radiant altar of Vehumet.
   233 | D        | Killed a jelly
   233 | D        | Reached skill level 10 in Unarmed Combat
   259 | D        | Found Okos's Gadget Emporium.
   259 | D        | Found a white marble altar of Elyvilon.
   259 | D        | Found a stormy altar of Qazlal.
   259 | D        | Found a burning altar of Makhleb.
   259 | D        | Found a sacrificial altar of Ru.
   259 | D        | Found a basalt altar of Yredelemnul.
   259 | D        | Found a glowing golden altar of the Shining One.
   259 | D        | Found a sparkling altar of Nemelex Xobeh.
   259 | D        | Found a shimmering altar of Xom.
   259 | D        | Found an opulent altar of Gozag.
   259 | D        | Found an ancient bone altar of Kikubaaqudgha.
   259 | D        | Found a glowing silver altar of Zin.
   259 | D        | Noticed a yak
   264 | D        | Killed a yak
   265 | D        | Found an iron altar of Okawaru.
   266 | D        | Found a bloodstained altar of Trog.
   308 | D        | Became a worshipper of Qazlal Stormbringer
   308 | D        | Acquired Qazlal's first power
   308 | D        | Acquired Qazlal's second power
   313 | D        | Noticed Sonja
   324 | D        | Slain by Sonja

Action                   |  1- 3 |  4- 6 || total
-------------------------+-------+-------++-------
Melee: Unarmed           |    17 |    19 ||    36
  Eat: Chunk             |     1 |     2 ||     3
